 Dungeon Crawl Stone Soup version 0.20.0-15-g7f486f2 (webtiles) character file.

595078 dvd the Shatterer (level 26, -3/239 HPs)
             Began as a Deep Dwarf Gladiator on June 23, 2017.
             Was the Champion of Makhleb.
             Slain by a shadow dragon simulacrum (17 damage)
             ... led by a necromancer
             ... on level 3 of the Depths on June 25, 2017.
             The game lasted 04:45:47 (53441 turns).

dvd the Shatterer (Deep Dwarf Gladiator)           Turns: 53441, Time: 04:45:54

Health: -3/239     AC: 36    Str: 26    XL:     26   Next: 32%
Magic:  24/24      EV: 16    Int: 16    God:    Makhleb [******]
Gold:   8117       SH: 24    Dex: 26    Spells: 17/25 levels left

rFire    + + .     SeeInvis +   h - +9 eveningstar (distort)
rCold    + . .     Gourm    .   a - +2 shield {AC+3}
rNeg     + + +     Faith    .   I - +4 plate armour of the Harvest {rC+ SInv}
rPois    +         Spirit   .   A - +1 hat
rElec    +         Reflect  +   u - scarf {repulsion}
rCorr    .         Harm     .   Y - +2 pair of gloves
MR       +++++     Rnd*Rage +   r - +2 pair of boots {Fly} Stlth ..........NoTele +
                                J - amulet of Vuffivoig {Reflect rN++ Dex+4 SH+4}
Regen    0.0/turn               G - ring of Fanaticism {+Blink rF+++ rC- MR+ Dex+5}
MPRegen  0.2/turn               y - ring "Jionaif" {Ice -Tele rPois Int+6}

@: berserk cooldown, flying, non-regenerating, hasted and slowed, repel missiles
A: damage resistance, heal wounds, horns 1, icy blue scales 1, agile 1, berserk
1, [clumsy 1], [frail 1], [low mp 1], magic resistance 2, negative energy
resistance 1, sense surroundings 3, [screaming 1], electricity resistance, wild
magic 1, [no potion heal 2], [subdued magic 1], no regeneration
}: 3/15 runes: barnacled, silver, gossamer
a: Heal Wounds, Minor Destruction, Lesser Servant of Makhleb, Major Destruction,
Greater Servant of Makhleb, Renounce Religion, Evoke Blink, Stop Flying


You were on level 3 of the Depths.
You worshipped Makhleb.
Makhleb was exalted by your worship.
You were not hungry.

You visited 10 branches of the dungeon, and saw 48 of its levels.
You visited the Abyss 3 times.
You also visited: Volcano.

You collected 9934 gold pieces.
You spent 1817 gold pieces at shops.

Inventory:

Hand Weapons
 h - a +9 eveningstar of distortion (weapon)
Missiles
 P - 175 tomahawks
 R - 27 javelins of penetration (quivered)
Armour
 a - a +2 shield of protection (worn)
 r - a +2 pair of boots of flying (worn)
 u - a scarf of repulsion (worn)
 A - a +1 hat (worn)
 I - the +4 plate armour of the Harvest (worn) {rC+ SInv}
   (You found it on level 8 of the Dungeon)

   It protects you from cold.
   It lets you see invisible.
 T - the +0 pair of boots of Generosity {-Cast rElec rN++ Regen+ Str+4}
   (You acquired it on level 2 of the Depths)

   It affects your strength (+4).
   It insulates you from electricity.
   It greatly protects you from negative energy.
   It prevents spellcasting.
   It increases your rate of regeneration.
 U - the +0 buckler "Futhew" {Regen+ rCorr}
   (You found it on level 3 of the Vaults)

   It increases your rate of regeneration.
   It protects you from acid and corrosion.
 W - the +2 scale mail "Dakow" {-Cast rPois Str+5 Int-3}
   (You found it on level 4 of the Depths)

   It affects your strength (+5).
   It affects your intelligence (-3).
   It protects you from poison.
   It prevents spellcasting.
 Y - a +2 pair of gloves (worn)
Jewellery
 b - an uncursed ring of wizardry
 y - the ring "Jionaif" (right hand) {Ice -Tele rPois Int+6}
   (You took it off a necromancer on level 3 of the Crypt)

   [ring of ice]

   It enhances your ice magic.
   It affects your intelligence (+6).
   It makes you vulnerable to fire.
   It protects you from cold.
   It protects you from poison.
   It prevents most forms of teleportation.
 G - the ring of Fanaticism (left hand) {+Blink rF+++ rC- MR+ Dex+5}
   (You found it on level 3 of the Elven Halls)

   [ring of protection from magic]

   It affects your dexterity (+5).
   It renders you almost immune to fire.
   It makes you vulnerable to cold.
   It affects your resistance to hostile enchantments.
   It lets you blink.
 J - the amulet of Vuffivoig (around neck) {Reflect rN++ Dex+4 SH+4}
   (You found it on level 5 of the Vaults)

   [amulet of reflection]

   It shields you and reflects attacks.
   It affects your dexterity (+4).
   It greatly protects you from negative energy.
   It affects your SH (+4).
 K - a ring "Uraifiz" {+Blink +Fly rElec Str+7 Dex-4}
   (You found it on level 3 of the Elven Halls)

   [ring of flight]

   It affects your strength (+7).
   It affects your dexterity (-4).
   It insulates you from electricity.
   It lets you fly.
   It lets you blink.
Wands
 q - a wand of iceblast (11/15)
 C - a wand of digging (16/24)
 L - a wand of acid (6/15)
 M - a wand of lightning (8/15)
Scrolls
 g - 14 scrolls of remove curse
 k - 7 scrolls of fear
 l - 19 scrolls of identify
 o - 4 scrolls of magic mapping
 p - 5 scrolls of amnesia
 t - 17 scrolls of teleportation
 E - 3 scrolls of holy word
 N - 3 scrolls of fog
 O - 5 scrolls of recharging
 Q - 3 scrolls of immolation
 S - 3 scrolls of summoning
 V - 2 scrolls of blinking
Potions
 e - 9 potions of mutation
 m - 4 potions of ambrosia
 s - 4 potions of resistance
 v - 7 potions of curing
 z - a potion of cancellation
 D - 4 potions of agility
 F - 6 potions of haste
 X - a potion of magic
Comestibles
 f - 26 bread rations
 i - 30 meat rations
 n - 51 fruits
 w - 19 royal jellies


   Skills:
 + Level 21.3 Fighting
   Level 9.4(19.0) Axes
 + Level 23.3(23.7) Maces & Flails
   Level 6.9(7.2) Slings
 + Level 2.5(4.5) Throwing
 + Level 19.9 Armour
 + Level 9.1 Dodging
 + Level 4.6 Stealth
 + Level 21.9 Shields
 + Level 17.2 Invocations
 + Level 1.8 Evocations


You had 17 spell levels left.
You knew the following spells:

 Your Spells              Type           Power        Failure   Level  Hunger
a - Apportation           Tloc           #.....       80%         1    ##.....
b - Aura of Abjuration    Summ           #.........   100%        5    ######.
c - Blink                 Tloc           N/A          90%         2    ###....


Dungeon Overview and Level Annotations

Branches:
Dungeon (15/15)            Temple (1/1) D:7            Lair (6/6) D:11
 Shoals (4/4) Lair:2       Spider (4/4) Lair:4        Slime (0/5) Lair:6
    Orc (2/2) D:12            Elf (3/3) Orc:2        Vaults (5/5) D:13
  Crypt (3/3) Vaults:3       Tomb (0/3) Crypt:3      Depths (5/5) D:15
    Zot (0/5) Depths:5

Altars:
Ashenzari
Cheibriados
Dithmenos
Elyvilon
Fedhas
Gozag
Hepliaklqana
Kikubaaqudgha
Makhleb
Nemelex Xobeh
Okawaru
Qazlal
Ru
Sif Muna
Trog
Uskayaw
Vehumet
Xom
Yredelemnul
Zin
The Shining One
Beogh

Shops:
D:4 (   D:10 !   D:11 (   Orc:1 (   Orc:2 :?(=?   Elf:2 =}=   Depths:4 :!

Portals:
Hell: Depths:1 Depths:2 Depths:3 Depths:4 Depths:5
Abyss: Depths:4
Pandemonium: Depths:3
Ziggurat: Depths:4

Annotations:
Spider:2 Arachne
Spider:3 Mara
Crypt:3 Boris
Depths:3 Saint Roka
Abyss:1 Frederick


Innate Abilities, Weirdness & Mutations

You are resistant to damage.
You can heal yourself by infusing magical energy.
You resist negative energy. (rN+)
You passively map a large area around you.
You do not regenerate.
You have a pair of small horns on your head.
You are partially covered in icy blue scales. (AC +2)
You are agile. (Dex +2)
You tend to lose your temper in combat.
You are highly resistant to hostile enchantments. (MR++)
You are resistant to electric shocks. (rElec)
Your spells are a little harder to cast, but a little more powerful.
[You are clumsy. (Dex -2)]
[You are frail. (-10% HP)]
[Your magical capacity is low. (-10% MP)]
[You occasionally shout uncontrollably at your foes.]
[Potions are poor at restoring your health.]
[Your spells are a little easier to cast, but a little less powerful.]


Message History

Unknown command.
You impale the tengu reaver!!
Space bends around the tengu reaver.
Your headbutt misses the tengu reaver.
The tengu reaver is moderately wounded.
Saint Roka calls down the wrath of Beogh upon you.
Beogh smites you!
* * * LOW HITPOINT WARNING * * *
You block the tengu reaver's attack. x2
The tengu reaver claws you but does no damage.
The necromancer barely misses you. The shadow dragon simulacrum bites you!
* * * LOW HITPOINT WARNING * * *
The shadow dragon simulacrum freezes you!!
You resist.
* * * LOW HITPOINT WARNING * * *
The shadow dragon simulacrum claws you but does no damage.
The shadow dragon simulacrum claws you.
* * * LOW HITPOINT WARNING * * *
The shadow dragon simulacrum freezes you!!
You resist.
You die...

###...# #.#...⌠..⌠.>.⌠
########...#########.'...........
.....#...............#...........
.....................#######..⌠..
..∩...[Z..............####......#
########..(############........##
#...# #.....⌠...##.
########...##########.#.....[##..
..............o.@p.*.Z'.....##...
......}....%...ZZQ....#...###....
...................(..#####......
...........############ #.......
....)...(..# #.......
....>......###############.......
............)....................
...<./.....:.......[..((.........
...................[.............


You could see Saint Roka, a tengu reaver, a necromancer, a battlesphere, a
shadow dragon simulacrum, a deep elf death mage zombie and a fire giant zombie.

Vanquished Creatures
  Khufu (Crypt:2)
  3 ancient liches
  2 greater mummies (Depths:3)
  Sojobo (Abyss:1)
  Boris (Vaults:4)
  2 caustic shrikes (Depths:2)
  5 golden dragons
  A profane servitor (Abyss:5)
  8 liches
  Jorgrun (Shoals:2)
  2 hellephants (Abyss:5)
  6 tentacled monstrosities
  Rupert (D:15)
  2 deep elf blademasters
  A deep elf master archer (Elf:3)
  A titan (Vaults:4)
  An Executioner (Abyss:2)
  3 ancient champions
  10 sphinxes
  Agnes (Spider:3)
  Polyphemus (Shoals:3)
  11 tentacled starspawn
  6 storm dragons
  4 tengu reavers
  A shadow dragon (Depths:4)
  Ilsuiw (Shoals:4)
  3 revenants
  Kirke (Shoals:3)
  Donald (Abyss:1)
  12 frost giants
  Roxanne (Spider:3)
  3 ghost moths
  4 iron dragons
  6 fire giants
  4 deep elf sorcerers
  2 emperor scorpions
  A balrug (Abyss:5)
  A cacodemon (Abyss:5)
  8 vault wardens
  2 curse skulls (Crypt:3)
  5 reapers (Crypt:3)
  A draconian stormcaller (Abyss:2)
  2 deep elf elementalists (Elf:3)
  A ghoul (Vaults:2)
  An angel (Depths:4)
  3 spriggan defenders
  9 ironheart preservers
  7 stone giants
  4 vampire knights
  2 war gargoyles
  A draconian annihilator (Depths:5)
  16 very ugly things
  6 entropy weavers
  4 deep elf annihilators
  4 purple draconians
  A black draconian (Depths:5)
  5 deep elf demonologists
  A red draconian (Depths:5)
  Azrael (Spider:1)
  A dire elephant (D:15)
  The ghost of Setanta the Fighter, a journeyman GrFi of Qazlal (Orc:2)
  2 spark wasps (Depths:3)
  3 white draconians (Depths:5)
  9 eidola
  A mummy priest (Depths:3)
  6 merfolk javelineers
  10 merfolk impalers
  7 fire dragons
  13 ettins
  8 deep elf death magi
  6 deep elf high priests
  9 yaktaur captains
  35 slime creatures
  9 jiangshi
  2 quicksilver dragon zombies (Crypt:3)
  Erolcha (Orc:2)
  12 great orbs of eyes
  A great orb of eyes (shapeshifter) (Depths:4)
  10 ice dragons
  36 vault guards
  5 hydras
  3 spriggan air magi
  6 rakshasas
  A catoblepas (Shoals:3)
  A death knight (Vaults:2)
  3 death yaks (Shoals:3)
  6 merfolk aquamancers
  Erica (Lair:2)
  6 centaur warriors
  27 dancing weapons
  4 merfolk avatars
  28 two-headed ogres
  An alligator snapping turtle (Shoals:2)
  8 ogre magi
  An alligator (Abyss:5)
  5 tengu warriors
  11 deep troll earth magi
  A queen ant (Spider:2)
  10 deep troll shamans
  5 satyrs
  4 vampire magi
  3 hell hogs (Abyss:5)
  4 spriggan berserkers
  10 thrashing horrors
  3 orc high priests
  3 sun demons (Abyss:5)
  5 soul eaters
  2 spriggans (Depths:5)
  Sonja (D:12)
  26 deep elf knights
  4 spatial maelstroms
  6 skeletal warriors
  3 shadow wraiths
  6 hell knights
  11 wretched stars
  13 sea snakes
  4 iron trolls
  21 large abominations
  2 sixfirhies
  6 unseen horrors
  A sea snake (shapeshifter) (Vaults:2)
  22 deep trolls
  2 shadow demons (Depths:2)
  11 deep elf archers
  An unseen horror (shapeshifter) (Vaults:5)
  9 wizards
  5 flayed ghosts
  2 golden dragon skeletons
  A tengu zombie (Depths:3)
  6 glowing orange brains
  20 harpies
  A mana viper (shapeshifter) (Vaults:5)
  13 phantasmal warriors
  2 anaconda skeletons
  5 orc knights
  18 orb spiders
  17 necromancers
  16 ironbrand convokers
  2 fire giant zombies
  10 orc sorcerers
  27 wolf spiders
  A stone giant zombie (Crypt:3)
  A wolf spider zombie (Crypt:2)
  2 iron dragon zombies
  6 cyclopes
  67 deep elf magi
  14 manticores
  A frost giant zombie (Depths:3)
  A worldbinder (Abyss:5)
  4 moths of wrath
  15 ugly things
  An iron dragon skeleton (Crypt:3)
  A salamander (Depths:4)
  A centaur zombie (D:15)
  30 fauns
  11 black mambas
  15 merfolk sirens
  A guardian serpent (Lair:6)
  3 apocalypse crabs (Abyss:5)
  A fire giant skeleton (Crypt:3)
  A guardian serpent (shapeshifter) (Vaults:3)
  18 vault sentinels
  A black mamba (shapeshifter) (Vaults:1)
  A toenail golem (Volcano)
  4 water nymphs
  An elephant (shapeshifter) (Abyss:5)
  20 spiny frogs
  A torpor snail (shapeshifter) (Depths:2)
  7 smoke demons
  4 molten gargoyles (Volcano)
  9 elephants
  An emperor scorpion zombie (Crypt:3)
  3 gargoyles
  41 yaktaurs
  4 rime drakes
  A hellion (Abyss:5)
  A dire elephant skeleton (Crypt:2)
  2 efreet (Volcano)
  A shock serpent skeleton (Crypt:2)
  2 kobold demonologists (Depths:2)
  9 freezing wraiths
  6 komodo dragons
  7 demonic crawlers
  A minotaur zombie (Crypt:1)
  A yaktaur (shapeshifter) (Elf:3)
  A yaktaur skeleton (Vaults:2)
  A tormentor (Abyss:2)
  11 hellwings (Crypt:3)
  8 ancient zymes
  A red devil (Abyss:5)
  A guardian mummy (Crypt:3)
  A pale draconian skeleton (Crypt:2)
  7 wind drakes
  2 hydra zombies (Crypt:3)
  A queen bee (shapeshifter) (Vaults:3)
  A wind drake (shapeshifter) (Depths:1)
  13 small abominations
  A troll (shapeshifter) (Depths:4)
  53 merfolk
  A queen bee (Lair:2)
  A slime creature (shapeshifter) (Vaults:3)
  3 tengu conjurers
  32 jumping spiders
  3 trolls
  A jumping spider (shapeshifter) (Depths:3)
  13 hornets
  16 hippogriffs
  A bog body (Abyss:5)
  5 dream sheep
  A tarantella zombie (Crypt:1)
  2 polar bears (Lair:5)
  2 polar bears (shapeshifter)
  2 human simulacra
  A dream sheep (shapeshifter) (Vaults:5)
  A hydra skeleton (Crypt:3)
  Prince Ribbit (D:8)
  8 blink frogs
  2 black mamba zombies (Crypt:3)
  14 snapping turtles
  18 raiju
  43 starcursed masses
  65 redbacks
  3 shadows
  6 air elementals
  A wind drake zombie (Crypt:1)
  9 flying skulls (Crypt:1)
  A tarantella (shapeshifter) (Depths:5)
  An ettin skeleton (Crypt:3)
  7 ynoxinuls
  41 tarantellas
  16 water elementals
  22 yaks
  10 wraiths
  12 wyverns
  2 ushabtiu (Crypt:3)
  A human (shapeshifter) (Depths:3)
  9 fire elementals
  A basilisk (shapeshifter) (Depths:1)
  4 chaos spawn
  A yak (shapeshifter) (Vaults:1)
  4 hogs (Shoals:3)
  3 neqoxecs
  4 vampire mosquitoes (D:12)
  A steam dragon (Lair:2)
  2 hungry ghosts
  5 basilisks
  A wind drake skeleton (Crypt:2)
  3 wargs
  3 spatial vortices
  17 soldier ants
  A spiny frog zombie (Crypt:3)
  A hydra simulacrum (Abyss:2)
  An acid dragon (Vaults:2)
  23 water moccasins
  2 hell hounds (Spider:1)
  A floating eye (Depths:3)
  A floating eye (shapeshifter) (Vaults:5)
  3 porcupines
  2 black bears
  22 orc warriors
  6 sky beasts
  2 ettin simulacra
  5 eyes of draining
  3 ice beasts
  An ogre (shapeshifter) (Depths:4)
  3 phantoms
  2 necrophages
  15 boggarts
  39 ogres
  16 centaurs
  A wolf (Lair:2)
  8 crocodiles
  2 human skeletons
  A big kobold (D:11)
  A fire crab zombie (Crypt:1)
  23 bullfrogs
  A glowing shapeshifter simulacrum (Vaults:3)
  A komodo dragon skeleton (Crypt:1)
  2 earth elementals
  2 scorpions (D:9)
  7 wyvern skeletons (Crypt:3)
  An elf simulacrum (Vaults:2)
  29 killer bees
  A spriggan skeleton (Crypt:3)
  An electric eel (Lair:1)
  26 wights
  2 howler monkeys
  6 crimson imps
  3 bullfrog zombies
  3 quasits
  8 hounds
  17 jellies
  7 centaur skeletons
  A demonspawn zombie (Crypt:1)
  18 orc priests
  37 orc wizards
  4 bullfrog skeletons
  A gnoll shaman (D:6)
  2 iron imps (Abyss:2)
  Jessica (D:2)
  3 iguanas
  25 worker ants
  A big kobold zombie (Crypt:1)
  A naga skeleton (Crypt:2)
  A hound skeleton (D:4)
  2 hound zombies
  2 mummies (Crypt:2)
  3 worker ant zombies
  4 gnolls (D:6)
  11 adders
  A swamp drake skeleton (Crypt:2)
  7 shadow imps
  A white imp (Abyss:2)
  2 ufetubi (Abyss:2)
  3 oozes
  4 worms
  4 dart slugs
  5 leopard geckos
  83 orcs
  A ball python (D:1)
  4 giant cockroaches
  6 goblins
  8 hobgoblins
  11 jackals
  14 kobolds
  A quokka (D:11)
  10 bats
  3 frilled lizards (D:2)
  A giant cockroach zombie (Crypt:1)
  A goblin skeleton (Crypt:1)
  2 leopard gecko zombies
  11 rats
  A butterfly (D:7)
  2 fire vortices (Volcano)
  A lurking horror (Abyss:5)
  3 plants
  7 starspawn tentacles
  4 tentacles (Shoals:1)
  2 withered plants (Crypt:3)
2316 creatures vanquished.

Vanquished Creatures (collateral kills)
  An ironheart preserver (Vaults:1)
  A deep troll (Vaults:1)
  A deep elf mage (Vaults:1)
  An orb spider (Spider:4)
  A yaktaur (Vaults:1)
  A demonic crawler (Spider:1)
  A water elemental (Shoals:2)
  A redback (Spider:2)
  A fire elemental (Spider:1)
  4 soldier ants (Spider:2)
  An orc warrior (Vaults:1)
  3 worker ants (Spider:2)
17 creatures vanquished.

Vanquished Creatures (others)
  A golden dragon (Vaults:5)
  A bone dragon (Abyss:2)
  A deep elf blademaster (Elf:3)
  A quicksilver dragon (Depths:2)
  A titan (Vaults:4)
  A deep elf master archer (Elf:3)
  A shadow dragon (Depths:5)
  2 tengu reavers
  A deep elf sorcerer (Vaults:5)
  2 fire giants
  A frost giant (Depths:3)
  2 vault wardens
  An angel (Depths:4)
  An emperor scorpion (Spider:4)
  5 stone giants
  A curse skull (Crypt:1)
  A draconian shifter (Depths:4)
  An ironheart preserver (Vaults:4)
  2 very ugly things (Depths:2)
  A deep elf demonologist (Depths:2)
  A vampire knight (Depths:2)
  A deep elf annihilator (Vaults:3)
  A spark wasp (Spider:4)
  An eidolon (Crypt:3)
  A red draconian (Depths:5)
  A merfolk javelineer (Shoals:4)
  2 ettins
  2 deep elf death magi
  A mummy priest (Depths:3)
  A deep elf high priest (Vaults:5)
  2 great orbs of eyes
  8 yaktaur captains
  2 rakshasas (Depths:3)
  4 vault guards (Vaults:4)
  A fire dragon (Depths:1)
  3 ice dragons
  An ogre mage (Depths:2)
  3 two-headed ogres
  2 centaur warriors
  A death knight (Vaults:1)
  A tengu warrior (Depths:2)
  A thrashing horror (Abyss:2)
  2 vampire magi
  A deep elf knight (Vaults:3)
  2 hell knights
  A shadow wraith (Crypt:2)
  2 iron trolls
  2 skeletal warriors (Crypt:2)
  2 glowing orange brains
  3 deep trolls (Depths:3)
  A golden dragon zombie (Crypt:3)
  An unseen horror (Vaults:1)
  2 harpies
  2 orc knights
  A phantasmal warrior (Crypt:1)
  A necromancer (Depths:1)
  2 ironbrand convokers
  2 deep elf magi
  A stone giant zombie (Crypt:3)
  A fire giant zombie (Crypt:3)
  5 wolf spiders
  A shadow dragon skeleton (Crypt:3)
  4 slime creatures
  A frost giant skeleton (Crypt:2)
  2 frost giant zombies (Crypt:3)
  An iron dragon skeleton (Crypt:3)
  2 vault sentinels
  An apocalypse crab (Abyss:2)
  A red draconian zombie (Crypt:2)
  An emperor scorpion zombie (Crypt:3)
  13 yaktaurs
  3 demonic crawlers
  A tengu conjurer (Depths:5)
  2 hellwings (Crypt:3)
  An ancient zyme (Abyss:2)
  A merfolk (Shoals:4)
  A red draconian skeleton (Crypt:2)
  2 jumping spiders (Spider:4)
  2 blink frogs (Abyss:5)
  A flying skull (Crypt:1)
  A shadow (D:15)
  5 redbacks
  A tarantella (Spider:4)
  A human (Shoals:3)
  A chaos spawn (Abyss:2)
  A spatial vortex (Abyss:5)
  A naga (shapeshifter) (Vaults:5)
  A warg (Depths:3)
  2 soldier ants (Spider:2)
  2 starcursed masses (Abyss:2)
  An orc warrior (Vaults:2)
  An ogre (Vaults:1)
  2 centaurs (Depths:3)
  A small abomination (Abyss:5)
  A mummy (Crypt:2)
  2 orcs (Depths:3)
  A fire vortex (Volcano)
  9 fungi
  3 lurking horrors
  19 plants
  66 starspawn tentacles
  4 tentacles (Shoals:1)
  20 withered plants (Crypt:3)
290 creatures vanquished.

Grand Total: 2623 creatures vanquished

Notes
Turn   | Place    | Note
-------+----------+-------------------------------------------
     0 | D:1      | dvd the Deep Dwarf Gladiator began the quest for the Orb.
     0 | D:1      | Reached XP level 1. HP: 19/19 MP: 1/1
   165 | D:1      | Reached XP level 2. HP: 21/26 MP: 2/2
   390 | D:1      | Reached XP level 3. HP: 17/32 MP: 3/3
   625 | D:2      | Noticed Jessica
   627 | D:2      | Found an ancient bone altar of Kikubaaqudgha.
   632 | D:2      | Killed Jessica
   632 | D:2      | Reached skill level 1 in Armour
   632 | D:2      | Reached XP level 4. HP: 18/39 MP: 4/4
   943 | D:2      | Reached skill level 1 in Stealth
  1228 | D:3      | Noticed a dagger
  1228 | D:3      | Noticed a hand axe
  1282 | D:3      | Reached XP level 5. HP: 29/46 MP: 5/5
  1373 | D:3      | Found a blossoming altar of Fedhas.
  1442 | D:3      | Found a hide-covered altar of Uskayaw.
  1584 | D:3      | Reached skill level 1 in Slings
  1759 | D:3      | Reached skill level 5 in Axes
  1892 | D:3      | Found a hazy altar of Hepliaklqana.
  1955 | D:4      | Noticed an ogre
  1966 | D:4      | Killed an ogre
  1966 | D:4      | Reached XP level 6. HP: 36/55 MP: 6/6
  2147 | D:4      | Noticed a moth of wrath
  2150 | D:4      | Found a bloodstained altar of Trog.
  2314 | D:4      | Found Ismerph's Weapon Shoppe.
  2414 | D:4      | Found a sacrificial altar of Ru.
  2554 | D:5      | Entered Level 5 of the Dungeon
  2689 | D:5      | Reached XP level 7. HP: 13/62 MP: 7/7
  3020 | D:5      | Found a stormy altar of Qazlal.
  3253 | D:5      | Found a shimmering altar of Xom.
  3544 | D:6      | Got a bloodstained ring mail
  3604 | D:6      | Identified the +5 ring mail of the Bagpipe {MR+ Str+4 Int+2 Stlth-} (You found it on level 6 of the Dungeon)
  3668 | D:6      | Reached XP level 8. HP: 45/72 MP: 7/7
  3679 | D:6      | Reached skill level 5 in Slings
  3745 | D:6      | Reached skill level 5 in Dodging
  3984 | D:6      | Reached skill level 1 in Maces & Flails
  4286 | D:6      | Gained mutation: You are weak. (Str -2) [potion of mutation]
  4286 | D:6      | Gained mutation: You are agile. (Dex +2) [potion of mutation]
  4286 | D:6      | Gained mutation: You evolve. [potion of mutation]
  4298 | D:6      | Gained mutation: You have a pair of small horns on your head. [mutagenic meat]
  4299 | D:6      | Gained mutation: You tend to lose your temper in combat. [mutagenic meat]
  4300 | D:6      | Gained mutation: You have an increased reservoir of magic. (+10% MP) [mutagenic meat]
  4301 | D:6      | Gained mutation: You are partially covered in icy blue scales. (AC +2) [mutagenic meat]
  4319 | D:6      | Reached skill level 2 in Maces & Flails
  4533 | D:7      | Gained mutation: You passively map the area around you. [Deep Dwarf growth]
  4533 | D:7      | Reached XP level 9. HP: 50/79 MP: 6/6
  4534 | D:7      | Found a staircase to the Ecumenical Temple.
  4547 | Temple   | Entered the Ecumenical Temple
  4692 | Temple   | Became a worshipper of Makhleb the Destroyer
  4936 | D:7      | Found an iron altar of Okawaru.
  4950 | D:7      | Reached skill level 3 in Maces & Flails
  4950 | D:7      | Reached skill level 5 in Armour
  5075 | D:7      | Reached * piety under Makhleb
  5393 | D:7      | Reached skill level 4 in Maces & Flails
  5618 | D:8      | Reached skill level 5 in Fighting
  5684 | D:8      | Noticed Prince Ribbit
  5702 | D:8      | Killed Prince Ribbit
  5702 | D:8      | Reached skill level 5 in Maces & Flails
  5885 | D:8      | Got a brightly glowing plate armour
  5896 | D:8      | Identified the +4 plate armour of the Harvest {rC+ SInv} (You found it on level 8 of the Dungeon)
  6052 | D:8      | Reached skill level 6 in Maces & Flails
  6142 | D:9      | Reached ** piety under Makhleb
  6214 | D:9      | Reached XP level 10. HP: 81/90 MP: 8/8
  6801 | D:10     | Entered Level 10 of the Dungeon
  6807 | D:10     | Lost mutation: You are weak. (Str -2) [evolution]
  6922 | D:10     | Reached skill level 7 in Maces & Flails
  6956 | D:10     | Noticed a skeletal warrior
  6976 | D:10     | Killed a skeletal warrior
  6983 | D:10     | Noticed a skeletal warrior
  6984 | D:10     | Noticed a skeletal warrior
  7011 | D:10     | Reached skill level 8 in Maces & Flails
  7044 | D:10     | Noticed a gargoyle
  7059 | D:10     | Killed a gargoyle
  7214 | D:10     | Killed a skeletal warrior
  7214 | D:10     | Reached skill level 9 in Maces & Flails
  7226 | D:10     | Killed a skeletal warrior
  7332 | D:10     | Reached XP level 11. HP: 59/99 MP: 9/9
  7427 | D:10     | Gained mutation: Your spells are a little harder to cast, but a little more powerful. [evolution]
  7504 | D:10     | Noticed a skeletal warrior
  7504 | D:10     | Noticed a skeletal warrior
  7509 | D:10     | Killed a skeletal warrior
  7509 | D:10     | Reached *** piety under Makhleb
  7509 | D:10     | Reached skill level 10 in Maces & Flails
  7518 | D:10     | Killed a skeletal warrior
  7581 | D:10     | Found Nyatree's Distillery.
  7586 | D:10     | Bought a potion of heal wounds for 65 gold pieces
  7586 | D:10     | Bought a potion of heal wounds for 65 gold pieces
  7586 | D:10     | Bought a potion of heal wounds for 65 gold pieces
  7801 | D:11     | Reached skill level 1 in Invocations
  7848 | D:11     | Noticed a white ugly thing
  7858 | D:11     | Killed a white ugly thing
  7863 | D:11     | Gained mutation: You are resistant to hostile enchantments. (MR+) [mutagenic meat]
  7864 | D:11     | Gained mutation: You are highly resistant to hostile enchantments. (MR++) [mutagenic meat]
  8481 | D:11     | Found Eciemuq's Antique Weapon Emporium.
  8508 | D:11     | Gained mutation: You are resistant to electric shocks. (rElec) [evolution]
  8554 | D:11     | Found a staircase to the Lair.
  8558 | D:11     | Reached **** piety under Makhleb
  8576 | Lair:1   | Entered Level 1 of the Lair of Beasts
  8607 | Lair:1   | Reached skill level 11 in Maces & Flails
  8936 | Lair:1   | Found a shimmering altar of Xom.
  9337 | Lair:2   | Found a staircase to the Shoals.
  9461 | Lair:2   | Reached XP level 12. HP: 108/110 MP: 13/13
  9660 | Lair:2   | Reached skill level 12 in Maces & Flails
  9662 | Lair:2   | Reached ***** piety under Makhleb
 10126 | Lair:2   | Noticed Erica
 10138 | Lair:2   | Killed Erica
 10488 | Lair:3   | Noticed a four-headed hydra
 10495 | Lair:3   | Killed a four-headed hydra
 10495 | Lair:3   | Reached skill level 13 in Maces & Flails
 10604 | Lair:3   | Noticed a seven-headed hydra
 10611 | Lair:3   | Killed a seven-headed hydra
 10737 | Lair:3   | Reached skill level 5 in Invocations
 11000 | Lair:4   | Found a hole to the Spider Nest.
 11092 | Lair:4   | Reached XP level 13. HP: 117/121 MP: 15/15
 11379 | Lair:4   | Reached skill level 10 in Armour
 11464 | Lair:4   | Got a faintly glowing chain mail
 11475 | Lair:4   | Identified the cursed +1 chain mail "Mafifi Folon" {*Corrode Int+3 Slay+5} (You found it on level 4 of the Lair of Beasts)
 12007 | Lair:5   | Got a twisted scale mail
 12018 | Lair:5   | Identified the +1 scale mail "Miduiv" {rC+ rCorr Stlth+} (You found it on level 5 of the Lair of Beasts)
 12135 | Lair:5   | Got a faintly glowing dagger
 12537 | Lair:6   | Entered Level 6 of the Lair of Beasts
 12548 | Lair:6   | Found a staircase to the Slime Pits.
 12571 | Lair:6   | Reached skill level 14 in Maces & Flails
 12578 | Lair:6   | Reached ****** piety under Makhleb
 12632 | Lair:6   | Identified the cursed +0 dagger of Uskayaw's Reproof {venom, rN+ MR+ Str+7} (You found it on level 5 of the Lair of Beasts)
 13316 | Lair:6   | Reached skill level 10 in Fighting
 13426 | Lair:6   | Gained mutation: You resist negative energy. (rN+) [Deep Dwarf growth]
 13426 | Lair:6   | Reached XP level 14. HP: 42/132 MP: 19/19
 13838 | D:12     | Found a staircase to the Orcish Mines.
 14202 | D:12     | Noticed Sonja
 14443 | D:12     | Cast into level 1 of the Abyss (Sonja)
 14454 | D:12     | Escaped the Abyss
 14478 | D:12     | Killed Sonja
 14600 | Orc:1    | Entered Level 1 of the Orcish Mines
 14600 | Orc:1    | Noticed a stone giant
 14608 | Orc:1    | HP: 6/133 [stone giant/large rock (35)]
 14612 | Orc:1    | Killed a stone giant
 14664 | Orc:1    | Noticed a stone giant
 14675 | Orc:1    | Killed a stone giant
 14926 | Orc:1    | Found a dark tunnel.
 14937 | Volcano  | Entered a volcano
 14986 | Volcano  | Reached skill level 1 in Evocations
 15237 | Orc:1    | Lost mutation: You tend to lose your temper in combat. [evolution]
 15237 | Orc:1    | Lost mutation: You evolve. [end of evolution]
 15272 | Orc:1    | Found Ilack's Weapon Shop.
 15282 | Orc:1    | Reached skill level 10 in Invocations
 15380 | Orc:2    | Entered Level 2 of the Orcish Mines
 15383 | Orc:2    | Noticed Setanta's ghost (journeyman GrFi)
 15393 | Orc:2    | Killed Setanta's ghost
 15466 | Orc:2    | Found a staircase to the Elven Halls.
 15621 | Orc:2    | Found Ruud's Jewellery Boutique.
 15718 | Orc:2    | Found Toyrgh's Book Boutique.
 15761 | Orc:2    | Found Waticw Pyach's Magic Scroll Shop.
 15815 | Orc:2    | Found a radiant altar of Vehumet.
 15816 | Orc:2    | Noticed Erolcha
 15830 | Orc:2    | Killed Erolcha
 15848 | Orc:2    | Found Puntea Ekoa's Magic Scroll Shop.
 15885 | Orc:2    | Found an ancient bone altar of Kikubaaqudgha.
 15912 | Orc:2    | Found a roughly hewn altar of Beogh.
 15944 | Orc:2    | Found Dufat's Antique Weapon Boutique.
 15966 | Orc:2    | Found a roughly hewn altar of Beogh.
 16070 | Orc:2    | Reached skill level 15 in Maces & Flails
 16293 | Orc:2    | Bought the ring "Sahu" {rN+ Dex+6} for 594 gold pieces
 16561 | D:13     | Found a gate to the Vaults.
 16747 | D:13     | Found a shimmering altar of Xom.
 16764 | D:13     | Learned a level 1 spell: Apportation
 16794 | D:13     | Reached XP level 15. HP: 142/142 MP: 22/22
 16936 | D:14     | Found a deep blue altar of Sif Muna.
 17420 | D:15     | Entered Level 15 of the Dungeon
 17637 | D:15     | Found a staircase to the Depths.
 17904 | D:15     | Noticed Rupert
 17918 | D:15     | Killed Rupert
 18423 | Shoals:1 | Entered Level 1 of the Shoals
 18888 | Shoals:1 | Noticed a kraken
 19023 | Shoals:1 | Reached skill level 16 in Maces & Flails
 19594 | Shoals:2 | Reached XP level 16. HP: 151/154 MP: 24/24
 19782 | Shoals:2 | Noticed Jorgrun
 19802 | Shoals:2 | Killed Jorgrun
 20782 | Shoals:3 | Noticed Kirke
 20807 | Shoals:3 | Killed Kirke
 20862 | Shoals:3 | Noticed Polyphemus
 20888 | Shoals:3 | Killed Polyphemus
 21452 | Shoals:3 | Noticed a kraken
 21514 | Shoals:4 | Entered Level 4 of the Shoals
 21617 | Shoals:4 | Reached skill level 17 in Maces & Flails
 21778 | Shoals:4 | Reached skill level 15 in Armour
 21778 | Shoals:4 | Reached XP level 17. HP: 165/165 MP: 25/25
 21975 | Shoals:4 | Got a barnacled rune of Zot
 22101 | Shoals:4 | Got a spiked ring mail
 22227 | Shoals:4 | Noticed Ilsuiw
 22250 | Shoals:4 | HP: 7/166 [merfolk impaler/trident of flaming (7)]
 22503 | Elf:1    | Entered Level 1 of the Elven Halls
 22616 | Elf:1    | Identified the +1 robe of Rara {rElec rC++ MR- Regen+} (You found it on level 1 of the Elven Halls)
 22627 | Elf:1    | Identified the +3 ring mail of the Ditch-Digger {*Slow rF+ rN+ SInv} (You found it on level 4 of the Shoals)
 24375 | Elf:2    | Found Noemavom's Gadget Shop.
 24376 | Elf:2    | Found Xuugg's Jewellery Emporium.
 24376 | Elf:2    | Found Iluadaw's Jewellery Emporium.
 24661 | Elf:2    | Found a runed gate.
 24661 | Elf:2    | Found a runed gate.
 24661 | Elf:2    | Found a runed gate.
 24813 | Elf:2    | Noticed a deep elf blademaster
 24827 | Elf:2    | Killed a deep elf blademaster
 24933 | Elf:2    | Reached skill level 18 in Maces & Flails
 24993 | Elf:2    | Gained mutation: You passively map a large area around you. [Deep Dwarf growth]
 24993 | Elf:2    | Reached XP level 18. HP: 95/177 MP: 26/26
 25061 | Elf:2    | Reached skill level 15 in Fighting
 25186 | Elf:3    | Entered Level 3 of the Elven Halls
 26224 | Elf:3    | Identified the +8 plate armour of Defiance {Str+4} (You took it off a deep elf high priest on level 3 of the Elven Halls)
 26242 | Elf:3    | Identified the Papyrus of Dark Moulding
 26434 | Elf:3    | Identified the Disquisition on Malediction
 26447 | Elf:3    | Got a twitching ivory ring
 26449 | Elf:3    | Identified a ring "Uraifiz" {+Blink +Fly rElec Str+7 Dex-4} (You found it on level 3 of the Elven Halls)
 26477 | Elf:3    | Identified the Reference Book on the Sinister Compass
 26484 | Elf:3    | Identified the Almanac of Fetching Combat Magic
 26492 | Elf:3    | Got a smoking lapis lazuli ring
 26496 | Elf:3    | Identified the ring of Fanaticism {+Blink rF+++ rC- MR+ Dex+5} (You found it on level 3 of the Elven Halls)
 26788 | Vaults:1 | Entered Level 1 of the Vaults
 26797 | Vaults:1 | Reached skill level 1 in Shields
 26825 | Vaults:1 | Noticed a lich
 26876 | Vaults:1 | Noticed a Tzitzimitl
 26877 | Vaults:1 | Noticed an Ice Fiend
 26893 | Vaults:1 | HP: 6/178 [Ice Fiend/bolt of cold[a lich] (10)]
 27291 | Vaults:1 | Identified the +4 chain mail of Articulation {rElec rCorr Slay-4 Stlth+} (You found it on level 1 of the Vaults)
 27611 | Vaults:1 | Reached skill level 5 in Shields
 27617 | Vaults:1 | Noticed a Tzitzimitl
 27692 | Vaults:1 | Banished a lich
 27714 | Vaults:1 | Reached XP level 19. HP: 188/188 MP: 27/27
 28542 | Vaults:2 | Reached skill level 19 in Maces & Flails
 28566 | Vaults:2 | HP: 9/188 [vault warden/enchanted glaive (32)]
 28609 | Vaults:2 | Noticed Frederick
 28618 | Vaults:2 | Banished Frederick
 29614 | Shoals:4 | Got a brightly glowing battleaxe {freeze}
 29615 | Shoals:4 | Identified the cursed +1 battleaxe of Bile {freeze, rF+++ rC- Int+4} (You took it off a merfolk aquamancer on level 4 of the Shoals)
 29781 | Shoals:4 | Killed Ilsuiw
 30635 | Orc:2    | Bought a scroll of acquirement for 728 gold pieces
 31520 | Vaults:3 | Got a steaming buckler
 31531 | Vaults:3 | Identified the cursed +0 buckler "Futhew" {Regen+ rCorr} (You found it on level 3 of the Vaults)
 31776 | Vaults:3 | Reached XP level 20. HP: 199/199 MP: 27/27
 31868 | Vaults:3 | Found a staircase to the Crypt.
 31868 | Vaults:3 | Found a basalt altar of Yredelemnul.
 31869 | Vaults:3 | Found an ancient bone altar of Kikubaaqudgha.
 32273 | Vaults:4 | Reached skill level 10 in Shields
 32409 | Vaults:4 | Got a shimmering chain mail
 32424 | Vaults:4 | Identified the +3 chain mail "Ykhleoz" {+Fly rN++ Int+2} (You found it on level 4 of the Vaults)
 32595 | Vaults:4 | Noticed an ancient lich
 32849 | Vaults:4 | Got a crystal flail {venom}
 32850 | Vaults:4 | Identified the +6 flail of Goeraom {venom, MP+9 Int+4} (You took it off an ironheart preserver on level 4 of the Vaults)
 32921 | Vaults:4 | Noticed Boris
 32935 | Vaults:4 | Killed Boris
 33342 | Vaults:4 | Killed an ancient lich
 33386 | Vaults:5 | Entered Level 5 of the Vaults
 33390 | Vaults:5 | Noticed a golden dragon
 33549 | Vaults:5 | Noticed an ancient lich
 33554 | Vaults:5 | Paralysed by a floating eye for 4 turns
 33874 | Vaults:4 | HP: 9/201 [stone giant/large rock (19)]
 33885 | Vaults:4 | Reached skill level 20 in Maces & Flails
 33941 | Vaults:5 | Noticed a golden dragon
 34018 | Crypt:1  | Entered Level 1 of the Crypt
 34189 | Crypt:1  | Reached XP level 21. HP: 209/210 MP: 27/27
 34305 | Vaults:4 | Killed a golden dragon
 34353 | Vaults:5 | Noticed an ancient lich
 34510 | Vaults:5 | Noticed a golden dragon
 34514 | Vaults:4 | Killed an ancient lich
 35066 | Vaults:5 | Banished a golden dragon
 35126 | Vaults:5 | Identified the +4 war axe "Voiwi" {chop, rN+} (You took it off a deep elf high priest on level 5 of the Vaults)
 35182 | Vaults:5 | Killed a golden dragon
 35250 | Vaults:5 | Got a warped pewter amulet
 35252 | Vaults:5 | Identified the amulet of Vuffivoig {Reflect rN++ Dex+4 SH+4} (You found it on level 5 of the Vaults)
 35388 | Vaults:5 | Paralysed by a hornet for 2 turns
 36104 | Vaults:5 | Noticed a golden dragon
 36118 | Vaults:5 | Killed a golden dragon
 36280 | Vaults:5 | Got a silver rune of Zot
 36399 | Vaults:5 | Reached XP level 22. HP: 220/220 MP: 29/29
 36942 | Elf:2    | Bought an uncursed ring of protection from cold for 300 gold pieces
 37406 | Crypt:1  | Reached skill level 15 in Shields
 37675 | Crypt:2  | Noticed Donald
 37686 | Crypt:2  | Banished Donald
 37968 | Crypt:2  | Noticed Khufu
 38021 | Crypt:2  | Killed Khufu
 38301 | Crypt:3  | Entered Level 3 of the Crypt
 38431 | Crypt:3  | Noticed Boris
 38788 | Crypt:3  | Found an ancient bone altar of Kikubaaqudgha.
 38845 | Crypt:3  | Reached skill level 21 in Maces & Flails
 38917 | Crypt:3  | Noticed an ancient lich
 38928 | Crypt:3  | Killed an ancient lich
 38967 | Crypt:3  | Identified a +2 pair of boots of running (You found it on level 3 of the Crypt)
 39634 | Crypt:3  | Found a staircase to the Tomb.
 39645 | Crypt:3  | Identified the Papyrus of Evil Arts
 39886 | Crypt:3  | Got a scorched amber ring
 39888 | Crypt:3  | Identified the ring "Jionaif" {Ice -Tele rPois Int+6} (You took it off a necromancer on level 3 of the Crypt)
 40064 | Crypt:3  | Identified the Papyrus of Enchanting Contamination
 40606 | Spider:1 | Entered Level 1 of the Spider Nest
 40725 | Spider:1 | Noticed Azrael
 40819 | Spider:1 | Killed Azrael
 40819 | Spider:1 | Reached XP level 23. HP: 230/230 MP: 30/30
 41154 | Spider:1 | Reached skill level 15 in Invocations
 41469 | Spider:2 | Noticed Arachne
 41881 | Spider:2 | Got a steaming granite ring
 41911 | Spider:2 | Identified the cursed ring "Kodaoskoe" {MR+ Int+2 Dex-4} (You took it off an entropy weaver on level 2 of the Spider Nest)
 42846 | Spider:3 | Noticed Agnes
 42880 | Spider:3 | Noticed Roxanne
 42888 | Spider:3 | Killed Roxanne
 42899 | Spider:3 | Noticed Mara
 42903 | Spider:3 | Noticed dvd's illusion
 43421 | Spider:3 | Killed Agnes
 43556 | Spider:4 | Entered Level 4 of the Spider Nest
 44111 | Spider:4 | Got a gossamer rune of Zot
 44836 | Depths:1 | Entered Level 1 of the Depths
 45005 | Depths:1 | Found a gateway to Hell.
 45045 | Depths:1 | Got a polished scale mail
 45046 | Depths:1 | Identified the +0 scale mail of Cumil {Str+6 Slay+2} (You found it on level 1 of the Depths)
 45798 | Depths:2 | Noticed a caustic shrike
 45834 | Depths:2 | Killed a caustic shrike
 45897 | Depths:2 | Noticed a caustic shrike
 45905 | Depths:2 | Killed a caustic shrike
 46057 | Depths:2 | Reached XP level 24. HP: 240/240 MP: 31/31
 46297 | Depths:2 | Got a pair of steaming boots
 46308 | Depths:2 | Identified the +0 pair of boots of Generosity {-Cast rElec rN++ Regen+ Str+4} (You acquired it on level 2 of the Depths)
 46859 | Depths:2 | Found a deep blue altar of Sif Muna.
 46886 | Depths:2 | Reached skill level 22 in Maces & Flails
 47005 | Depths:2 | Identified Gacelijeo's Reference Book on Companions
 47029 | Depths:2 | Learned a level 5 spell: Aura of Abjuration
 47269 | Depths:3 | Learned a level 2 spell: Blink
 47280 | Depths:3 | Found a one-way gate leading to the halls of Pandemonium.
 47743 | Depths:3 | Noticed Saint Roka
 48154 | Depths:4 | Found a one-way gate to the infinite horrors of the Abyss.
 48346 | Depths:4 | Got a warped pewter ring
 48348 | Depths:4 | Identified the ring "Husuq" {rN+ Int+4} (You found it on level 4 of the Depths)
 48772 | Depths:4 | Found Otteixyck's Book Shoppe.
 48784 | Depths:4 | Found Keefrefek's Distillery.
 48891 | Depths:4 | Got a polished scale mail
 48902 | Depths:4 | Identified the +2 scale mail "Dakow" {-Cast rPois Str+5 Int-3} (You found it on level 4 of the Depths)
 49129 | Depths:4 | Found a gateway to a ziggurat.
 49725 | Depths:3 | Identified the cursed +1 quarterstaff "Beetleslayer" {flame, Dex+6} (You found it on level 3 of the Depths)
 49726 | Depths:3 | Identified the +9 quarterstaff of Annoyance {crush, rC+} (You found it on level 3 of the Depths)
 49798 | Depths:3 | Reached XP level 25. HP: 239/252 MP: 31/31
 49837 | Depths:3 | Noticed a greater mummy
 49857 | Depths:3 | Noticed a greater mummy
 49857 | Depths:3 | Noticed a greater mummy
 49871 | Depths:3 | Killed a greater mummy
 49881 | Depths:3 | Killed a greater mummy
 49989 | Depths:5 | Entered Level 5 of the Depths
 50501 | Depths:5 | Noticed Sojobo
 50728 | Depths:5 | Banished Sojobo
 50750 | Depths:5 | Found a gate to the Realm of Zot.
 50998 | Depths:4 | Voluntarily entered the Abyss.
 51001 | Abyss:1  | Killed Sojobo
 51013 | Abyss:1  | Found a corrupted altar of Lugonu.
 51022 | Abyss:1  | Killed Donald
 51197 | Depths:4 | Escaped the Abyss
 51247 | Depths:4 | Voluntarily entered the Abyss.
 51576 | Abyss:2  | Gained mutation: You tend to lose your temper in combat. [a neqoxec]
 52273 | Abyss:2  | Reached skill level 23 in Maces & Flails
 52435 | Abyss:2  | Found a corrupted altar of Lugonu.
 52611 | Abyss:5  | Entered Level 5 of the Abyss
 52739 | Abyss:5  | Lost mutation: You have an increased reservoir of magic. (+10% MP) [a neqoxec]
 52884 | Abyss:5  | Reached XP level 26. HP: 140/266 MP: 16/27
 53015 | Abyss:5  | Paralysed by accursed screaming for 1 turns
 53063 | Abyss:5  | Paralysed by accursed screaming for 1 turns
 53066 | Abyss:5  | Paralysed by accursed screaming for 1 turns
 53167 | Depths:4 | Escaped the Abyss
 53441 | Depths:3 | Slain by a shadow dragon simulacrum

Skill      XL: |  1  2  3  4  5  6  7  8  9 10 11 12 13 14 15 16 17 18 19 20 21 22 23 24 25 |
---------------+----------------------------------------------------------------------------+-----
Fighting       | 2 3 4 5 6 7 9 10 11 12 13 14 15 16 17 18 19 20 21 | 21.3
Throwing       | 2 |  2.5
Axes           | 4 5 6 7 8 9 |  9.4
Armour         | 1 2 3 4 5 7 8 9 11 12 13 15 16 17 18 19 | 19.9
Stealth        | 1 2 3 4 |  4.6
Dodging        | 4 5 6 7 8 9 |  9.1
Slings         | 2 3 4 6 |  6.9
Maces & Flails | 2 6 9 11 13 14 15 16 17 18 19 20 21 22 23 | 23.3
Invocations    | 4 5 8 11 12 13 14 16 17 | 17.2
Evocations     | 1 |  1.8
Shields        | 5 9 12 14 16 18 19 21 | 21.9

Action                   |  1- 3 |  4- 6 |  7- 9 | 10-12 | 13-15 | 16-18 | 19-21 | 22-24 | 25-27 || total
-------------------------+-------+-------+-------+-------+-------+-------+-------+-------+-------++-------
Melee: War axe           |   109 |   161 |    52 |    12 |    37 |       |       |       |       ||   371
       Hand axe          |       |     1 |    85 |       |       |       |       |       |       ||    86
       Dire flail        |       |       |   205 |   668 |  1243 |  1092 |       |       |       ||  3208
       Headbutt          |       |       |    39 |   192 |   422 |   419 |   645 |   965 |   397 ||  3079
       Eveningstar       |       |       |       |       |       |   263 |  1685 |  2431 |  1110 ||  5489
 Fire: Hunting sling     |       |    87 |    86 |    12 |       |       |       |       |       ||   185
Throw: Throwing net      |     5 |       |       |       |       |       |       |       |       ||     5
       Stone             |       |     4 |     5 |     2 |     1 |       |       |       |       ||    12
       Tomahawk          |       |       |       |       |     2 |       |       |       |       ||     2
       Javelin           |       |       |       |       |       |       |       |     4 |       ||     4
Invok: Minor Destruction |       |       |       |    44 |   112 |    61 |    14 |   145 |    56 ||   432
       Lesser Servant of |       |       |       |       |     1 |     7 |     2 |     6 |     2 ||    18
       Major Destruction |       |       |       |       |       |     1 |     2 |     1 |       ||     4
       Greater Servant o |       |       |       |       |       |       |     1 |       |       ||     1
 Abil: Heal Wounds       |       |     3 |     6 |     4 |     1 |     9 |     8 |     1 |     2 ||    34
       Stop Flying       |       |       |       |       |       |       |       |     1 |       ||     1
       Evoke Flight      |       |       |       |       |       |       |       |     1 |       ||     1
Evoke: Wand              |       |       |       |       |     4 |       |       |     8 |       ||    12
  Use: Potion            |       |     6 |     8 |     3 |     7 |    13 |     4 |     5 |     5 ||    51
       Scroll            |       |       |       |    25 |    18 |    15 |    12 |    12 |       ||    82
 Stab: Sleeping          |       |     2 |       |       |       |       |       |       |       ||     2
       Distracted        |       |       |       |       |       |     4 |       |     1 |     1 ||     6
       Held in net/web   |       |       |       |       |       |       |       |     1 |       ||     1
       Invisible         |       |       |       |       |       |       |       |       |     3 ||     3
  Eat: Chunk             |       |     6 |    16 |    19 |    28 |    27 |    30 |    39 |    12 ||   177
       Fruit             |       |       |       |       |       |     1 |       |       |     1 ||     2
       Royal jelly       |       |       |       |       |       |       |       |     4 |     1 ||     5
Armor: Leather armour    |    46 |    23 |       |       |       |       |       |       |       ||    69
       Chain mail        |       |     4 |       |       |       |       |       |       |       ||     4
       Scale mail        |       |    54 |    28 |       |       |       |       |       |       ||    82
       Ring mail         |       |       |   102 |       |       |       |       |       |       ||   102
       Plate armour      |       |       |    19 |   388 |   684 |   831 |   748 |   865 |   391 ||  3926
Dodge: Dodged            |    88 |   103 |   276 |   264 |   532 |   677 |   519 |   888 |   448 ||  3795
       Deflected         |       |       |       |       |       |       |    36 |    31 |    17 ||    84
Block: Other             |       |       |       |       |       |    61 |       |       |       ||    61
       Reflection        |       |       |       |       |       |    74 |   130 |    66 |    19 ||   289
       Shield            |       |       |       |       |       |   217 |  1486 |  2379 |  1150 ||  5232
